[ AOE2 MATCH · #483598343 ]
UnrankedKhitans vs Mapuche
[ REPLAY ANALYSIS · EXTRACTED FROM THE RECORDED GAME ]
Feudal
13:56
Castle
17:26
Imperial
34:03
| APM avg | 56.3 |
| APM peak | 88 |
| eAPM avg | 33.0 |
| Villagers / military | 172 / 65 |
Focus
⚔️ 37.0% · 🌾 63.0%
Cavalry Archer ×55 · Unknown (1920) ×41 · Fishing Ship ×10 · Scout Cavalry ×5 · Steppe Lancer ×5 · Unknown (2626) ×2
Feudal
13:44
Castle
17:37
Imperial
—
| APM avg | 54.9 |
| APM peak | 94 |
| eAPM avg | 30.3 |
| Villagers / military | 138 / 85 |
Focus
⚔️ 17.9% · 🌾 82.1%
Kona ×42 · Spearman ×36 · Fishing Ship ×8 · Scorpion ×3 · Mangonel ×2 · Skirmisher ×2
Feudal
14:02
Castle
17:35
Imperial
—
| APM avg | 40.8 |
| APM peak | 88 |
| eAPM avg | 26.3 |
| Villagers / military | 208 / 11 |
Focus
⚔️ 24.9% · 🌾 75.1%
Fishing Ship ×24 · Unknown (2626) ×15 · Monk ×3 · Knight ×3 · Fire Galley ×2 · Scout Cavalry ×2
Feudal
14:59
Castle
18:43
Imperial
36:02
| APM avg | 39.0 |
| APM peak | 63 |
| eAPM avg | 22.0 |
| Villagers / military | 110 / 102 |
Focus
⚔️ 36.0% · 🌾 64.0%
Hussite Wagon ×80 · Fire Galley ×20 · Fishing Ship ×16 · Monk ×2
Feudal
13:54
Castle
17:49
Imperial
40:41
| APM avg | 41.7 |
| APM peak | 68 |
| eAPM avg | 23.1 |
| Villagers / military | 145 / 18 |
Focus
⚔️ 26.8% · 🌾 73.2%
Unknown (2626) ×33 · Demolition Raft ×13 · Fishing Ship ×11 · Mangonel ×5 · Unknown (2550) ×4
Feudal
14:51
Castle
18:24
Imperial
36:05
| APM avg | 49.9 |
| APM peak | 82 |
| eAPM avg | 33.0 |
| Villagers / military | 138 / 82 |
Focus
⚔️ 42.8% · 🌾 57.2%
Unknown (2626) ×70 · Coustillier ×66 · Fishing Ship ×20 · Galley ×15 · Monk ×1
Feudal
14:40
Castle
18:14
Imperial
32:27
| APM avg | 39.0 |
| APM peak | 84 |
| eAPM avg | 24.4 |
| Villagers / military | 114 / 176 |
Focus
⚔️ 30.7% · 🌾 69.3%
Knight ×159 · Fishing Ship ×42 · Unknown (2626) ×22 · Battering Ram ×8 · Trebuchet (Packed) ×4 · Galley ×3
Feudal
14:09
Castle
17:40
Imperial
35:46
| APM avg | 46.2 |
| APM peak | 76 |
| eAPM avg | 28.0 |
| Villagers / military | 186 / 135 |
Focus
⚔️ 43.9% · 🌾 56.1%
Knight ×84 · Archer ×33 · Fishing Ship ×10 · Battering Ram ×8 · Petard ×6 · Monk ×4
Match map
Initial resources + every placement click. Lines = walls · curves = elevation contours. ◆ gold · ⬟ stone · ● berries · ✦ relic · ◌ wall gap
Your base· Open — 10t gap
银背小猩猩's base· Open — unwalled flank
黑暗中漫舞.'s base· Open — 5t gap
Fish's base· Open — unwalled flank
黑炎柠檬茶's base· Open — 10t gap
Clearlove's base· Open — unwalled flank
sadys's base· Open — 7t gap
爱雀大帝's base· Open — 7t gap
Smoothed initial terrain · ◌ = detected wall gap · hover for details
Inputs per minute
— 奶糖美少女 - - 银背小猩猩
Build order — 奶糖美少女
First 150 of 458 actions detected
| 0:13 | Build | Town Center |
| 1:19 | Build | Dock |
| 1:21 | Build | House |
| 2:33 | Create | Villager (Male) |
| 2:33 | Create | Villager (Male) |
| 2:35 | Create | Villager (Male) |
| 2:35 | Create | Villager (Male) |
| 3:48 | Create | Fishing Ship |
| 4:10 | Create | Villager (Male) |
| 4:10 | Create | Villager (Male) |
| 4:16 | Build | House |
| 4:36 | Create | Villager (Male) |
| 5:01 | Create | Villager (Male) |
| 5:01 | Create | Villager (Male) |
| 5:24 | Create | Villager (Male) |
| 5:32 | Create | Fishing Ship |
| 5:38 | Build | House |
| 5:54 | Create | Villager (Male) |
| 6:13 | Create | Villager (Male) |
| 6:31 | Create | Fishing Ship |
| 6:37 | Create | Villager (Male) |
| 6:37 | Create | Villager (Male) |
| 6:54 | Create | Fishing Ship |
| 7:05 | Create | Villager (Male) |
| 7:25 | Build | House |
| 7:28 | Create | Fishing Ship |
| 7:35 | Create | Villager (Male) |
| 7:36 | Create | Villager (Male) |
| 7:52 | Create | Villager (Male) |
| 7:52 | Create | Villager (Male) |
| 7:54 | Build | House |
| 8:13 | Create | Villager (Male) |
| 8:13 | Create | Villager (Male) |
| 8:32 | Create | Villager (Male) |
| 8:32 | Create | Villager (Male) |
| 8:35 | Create | Fishing Ship |
| 9:08 | Build | Dock |
| 9:12 | Create | Villager (Male) |
| 9:34 | Create | Villager (Male) |
| 9:48 | Build | House |
| 9:50 | Create | Villager (Male) |
| 9:52 | Create | Fishing Ship |
| 10:04 | Build | Palisade Gate |
| 10:15 | Create | Fishing Ship |
| 10:45 | Create | Fishing Ship |
| 10:48 | Create | Villager (Male) |
| 10:58 | Build | Mining Camp |
| 11:06 | Create | Fishing Ship |
| 11:15 | Create | Villager (Male) |
| 11:19 | Build | House |
| 11:40 | Research | Feudal Age |
| 11:43 | Build | Barracks |
| 12:12 | Build | Lumber Camp |
| 13:29 | Create | Villager (Male) |
| 13:29 | Create | Villager (Male) |
| 13:50 | Build | House |
| 13:56 | Age | Feudal Age |
| 13:57 | Build | Stable |
| 13:59 | Build | Blacksmith |
| 14:03 | Build | Palisade Wall |
| 14:17 | Build | Palisade Wall |
| 14:24 | Build | Palisade Wall |
| 14:32 | Build | Mill |
| 14:46 | Research | Castle Age |
| 14:46 | Research | Castle Age |
| 14:58 | Build | House |
| 15:08 | Research | Tech 906 |
| 15:12 | Research | Double-Bit Axe |
| 15:12 | Research | Double-Bit Axe |
| 15:17 | Create | Unit 2626 |
| 15:17 | Create | Unit 2626 |
| 15:31 | Create | Scout Cavalry |
| 15:31 | Create | Scout Cavalry |
| 15:38 | Build | House |
| 15:57 | Create | Scout Cavalry |
| 15:57 | Create | Scout Cavalry |
| 16:08 | Create | Scout Cavalry |
| 16:27 | Research | Forging |
| 16:27 | Research | Forging |
| 16:46 | Create | Villager (Male) |
| 16:49 | Build | Dock |
| 17:06 | Research | Loom |
| 17:08 | Research | Tech 1014 |
| 17:13 | Create | Villager (Male) |
| 17:14 | Create | Villager (Male) |
| 17:26 | Age | Castle Age |
| 17:39 | Create | Villager (Male) |
| 17:44 | Build | Town Center |
| 17:47 | Research | Bow Saw |
| 17:53 | Create | Villager (Male) |
| 18:06 | Create | Steppe Lancer |
| 18:06 | Create | Steppe Lancer |
| 18:33 | Create | Villager (Male) |
| 18:36 | Build | Town Center |
| 18:49 | Create | Villager (Male) |
| 19:10 | Create | Steppe Lancer |
| 19:13 | Build | Pasture |
| 19:33 | Create | Villager (Male) |
| 19:59 | Create | Villager (Male) |
| 20:06 | Create | Villager (Male) |
| 20:11 | Create | Villager (Male) |
| 20:17 | Build | Pasture |
| 20:18 | Build | Pasture |
| 20:21 | Create | Villager (Male) |
| 20:22 | Create | Villager (Male) |
| 20:22 | Create | Villager (Male) |
| 20:25 | Build | Pasture |
| 20:40 | Create | Villager (Male) |
| 20:49 | Build | Pasture |
| 20:52 | Build | Pasture |
| 20:58 | Create | Steppe Lancer |
| 20:59 | Create | Steppe Lancer |
| 21:01 | Build | Pasture |
| 21:03 | Research | War Galley (upgrade) |
| 21:11 | Build | Palisade Wall |
| 21:11 | Build | Palisade Wall |
| 21:29 | Create | Villager (Male) |
| 21:29 | Create | Villager (Male) |
| 21:30 | Create | Villager (Male) |
| 21:38 | Create | Villager (Male) |
| 21:39 | Create | Villager (Male) |
| 21:53 | Create | Villager (Male) |
| 22:07 | Create | Villager (Male) |
| 22:07 | Create | Villager (Male) |
| 22:07 | Create | Villager (Male) |
| 22:10 | Build | House |
| 22:11 | Build | House |
| 22:26 | Create | Villager (Male) |
| 22:27 | Create | Villager (Male) |
| 22:34 | Create | Villager (Male) |
| 22:35 | Create | Villager (Male) |
| 22:56 | Create | Villager (Male) |
| 22:57 | Create | Villager (Male) |
| 22:57 | Create | Villager (Male) |
| 22:57 | Create | Villager (Male) |
| 22:57 | Create | Villager (Male) |
| 23:01 | Build | Pasture |
| 23:02 | Build | Pasture |
| 23:11 | Create | Villager (Male) |
| 23:11 | Create | Villager (Male) |
| 23:20 | Create | Villager (Male) |
| 23:20 | Create | Villager (Male) |
| 23:23 | Build | Pasture |
| 23:29 | Create | Villager (Male) |
| 23:35 | Build | Palisade Wall |
| 24:06 | Create | Villager (Male) |
| 24:06 | Create | Villager (Male) |
| 24:07 | Create | Villager (Male) |
| 24:07 | Create | Villager (Male) |
| 24:09 | Research | Wheelbarrow |
Build order — 银背小猩猩
First 150 of 332 actions detected
| 0:20 | Build | Town Center |
| 2:11 | Build | Dock |
| 2:13 | Build | House |
| 2:49 | Create | Villager (Male) |
| 2:49 | Create | Villager (Male) |
| 2:49 | Create | Villager (Male) |
| 2:49 | Create | Villager (Male) |
| 4:17 | Build | House |
| 4:21 | Create | Villager (Male) |
| 4:21 | Create | Villager (Male) |
| 4:45 | Create | Villager (Male) |
| 4:46 | Create | Villager (Male) |
| 5:12 | Create | Villager (Male) |
| 5:12 | Create | Villager (Male) |
| 5:33 | Create | Fishing Ship |
| 5:37 | Create | Villager (Male) |
| 5:37 | Create | Villager (Male) |
| 5:40 | Build | House |
| 6:08 | Create | Villager (Male) |
| 6:09 | Create | Villager (Male) |
| 6:33 | Create | Villager (Male) |
| 6:35 | Create | Fishing Ship |
| 6:43 | Build | House |
| 6:54 | Create | Villager (Male) |
| 6:54 | Create | Villager (Male) |
| 7:18 | Build | House |
| 7:19 | Create | Fishing Ship |
| 7:21 | Create | Villager (Male) |
| 7:21 | Create | Villager (Male) |
| 7:37 | Create | Villager (Male) |
| 8:00 | Create | Fishing Ship |
| 8:06 | Create | Villager (Male) |
| 8:06 | Create | Villager (Male) |
| 8:22 | Research | Loom |
| 8:29 | Create | Villager (Male) |
| 8:32 | Create | Fishing Ship |
| 8:38 | Build | House |
| 8:47 | Create | Villager (Male) |
| 8:58 | Build | House |
| 9:14 | Build | House |
| 9:19 | Create | Villager (Male) |
| 9:25 | Create | Fishing Ship |
| 9:39 | Create | Villager (Male) |
| 9:50 | Create | Villager (Male) |
| 9:54 | Create | Fishing Ship |
| 10:11 | Create | Villager (Male) |
| 10:26 | Build | Settlement |
| 10:36 | Build | House |
| 10:47 | Build | House |
| 10:57 | Create | Fishing Ship |
| 11:14 | Build | Settlement |
| 11:32 | Research | Feudal Age |
| 11:56 | Build | Dock |
| 13:44 | Age | Feudal Age |
| 13:46 | Build | Market |
| 13:50 | Build | Blacksmith |
| 13:53 | Build | House |
| 13:54 | Create | Villager (Male) |
| 13:54 | Create | Villager (Male) |
| 14:57 | Research | Castle Age |
| 15:02 | Build | Outpost |
| 15:23 | Research | Double-Bit Axe |
| 16:37 | Create | Skirmisher |
| 16:43 | Build | Farm |
| 17:14 | Create | Skirmisher |
| 17:25 | Create | Villager (Male) |
| 17:25 | Create | Villager (Male) |
| 17:37 | Age | Castle Age |
| 17:42 | Build | Castle |
| 17:58 | Create | Villager (Male) |
| 18:06 | Build | Farm |
| 18:08 | Create | Villager (Male) |
| 18:23 | Create | Kona |
| 18:24 | Create | Kona |
| 18:24 | Create | Kona |
| 18:32 | Build | Settlement |
| 18:35 | Build | Siege Workshop |
| 18:43 | Create | Kona |
| 18:56 | Create | Kona |
| 19:06 | Create | Villager (Male) |
| 19:15 | Create | Kona |
| 19:33 | Create | Villager (Male) |
| 19:48 | Create | Mangonel |
| 19:54 | Create | Villager (Male) |
| 20:09 | Create | Villager (Male) |
| 20:12 | Build | Farm |
| 20:27 | Build | Town Center |
| 20:34 | Create | Villager (Male) |
| 20:48 | Create | Villager (Male) |
| 21:33 | Create | Villager (Male) |
| 21:39 | Create | Mangonel |
| 21:46 | Build | Farm |
| 21:54 | Create | Villager (Male) |
| 22:07 | Build | Farm |
| 22:23 | Create | Villager (Male) |
| 22:38 | Create | Villager (Male) |
| 22:39 | Create | Villager (Male) |
| 22:42 | Build | Farm |
| 23:18 | Create | Villager (Male) |
| 23:18 | Create | Villager (Male) |
| 23:35 | Create | Villager (Male) |
| 23:37 | Create | Kona |
| 23:38 | Create | Kona |
| 23:50 | Build | Farm |
| 23:59 | Build | House |
| 24:02 | Create | Villager (Male) |
| 24:02 | Create | Villager (Male) |
| 24:09 | Build | Farm |
| 24:18 | Create | Villager (Male) |
| 24:19 | Create | Villager (Male) |
| 24:33 | Create | Villager (Male) |
| 24:33 | Create | Villager (Male) |
| 24:53 | Create | Villager (Male) |
| 24:54 | Create | Villager (Male) |
| 24:54 | Create | Villager (Male) |
| 25:10 | Build | Town Center |
| 25:20 | Create | Villager (Male) |
| 25:20 | Create | Villager (Male) |
| 25:23 | Build | Farm |
| 25:24 | Build | Farm |
| 25:49 | Create | Kona |
| 25:56 | Create | Villager (Male) |
| 25:56 | Create | Villager (Male) |
| 26:16 | Build | Farm |
| 26:16 | Build | Farm |
| 26:16 | Build | Farm |
| 26:17 | Build | Farm |
| 26:17 | Build | Farm |
| 26:24 | Create | Villager (Male) |
| 26:24 | Create | Villager (Male) |
| 26:30 | Create | Villager (Male) |
| 26:31 | Create | Villager (Male) |
| 26:44 | Build | Farm |
| 26:45 | Build | Farm |
| 26:45 | Build | Farm |
| 27:17 | Build | Farm |
| 27:17 | Build | Farm |
| 27:17 | Build | Farm |
| 27:29 | Create | Villager (Male) |
| 27:30 | Research | Wheelbarrow |
| 27:45 | Create | Villager (Male) |
| 27:45 | Create | Villager (Male) |
| 27:47 | Build | Farm |
| 27:55 | Create | Villager (Male) |
| 27:55 | Create | Villager (Male) |
| 28:03 | Create | Villager (Male) |
| 28:03 | Create | Villager (Male) |
| 28:14 | Create | Villager (Male) |
| 28:14 | Create | Villager (Male) |
| 28:27 | Build | Town Center |
Build order — 黑暗中漫舞.
First 150 of 408 actions detected
| 0:07 | Build | Town Center |
| 0:51 | Build | Dock |
| 0:52 | Build | House |
| 2:29 | Create | Villager (Male) |
| 2:29 | Create | Villager (Male) |
| 2:30 | Create | Villager (Male) |
| 2:31 | Create | Villager (Male) |
| 2:31 | Create | Villager (Male) |
| 2:31 | Create | Villager (Male) |
| 2:32 | Create | Villager (Male) |
| 2:32 | Create | Villager (Male) |
| 3:40 | Create | Fishing Ship |
| 3:41 | Create | Fishing Ship |
| 4:01 | Create | Villager (Male) |
| 4:01 | Create | Villager (Male) |
| 4:12 | Build | House |
| 4:43 | Create | Fishing Ship |
| 4:44 | Create | Fishing Ship |
| 4:44 | Create | Fishing Ship |
| 5:09 | Create | Villager (Male) |
| 5:09 | Create | Villager (Male) |
| 5:19 | Build | Palisade Wall |
| 5:21 | Build | Palisade Wall |
| 5:35 | Build | House |
| 5:49 | Create | Villager (Male) |
| 5:49 | Create | Villager (Male) |
| 5:53 | Create | Fishing Ship |
| 5:53 | Create | Fishing Ship |
| 5:53 | Create | Fishing Ship |
| 6:03 | Create | Villager (Male) |
| 6:26 | Create | Fishing Ship |
| 6:27 | Create | Fishing Ship |
| 6:28 | Create | Villager (Male) |
| 6:28 | Create | Villager (Male) |
| 6:48 | Build | House |
| 6:49 | Create | Villager (Male) |
| 6:49 | Create | Villager (Male) |
| 7:06 | Create | Fishing Ship |
| 7:07 | Create | Fishing Ship |
| 7:21 | Create | Villager (Male) |
| 7:21 | Create | Villager (Male) |
| 7:21 | Create | Villager (Male) |
| 7:23 | Create | Fishing Ship |
| 7:46 | Build | Palisade Wall |
| 7:52 | Create | Villager (Male) |
| 7:52 | Create | Villager (Male) |
| 7:53 | Create | Villager (Male) |
| 7:53 | Create | Villager (Male) |
| 7:53 | Create | Villager (Male) |
| 8:22 | Create | Villager (Male) |
| 8:28 | Build | House |
| 8:29 | Create | Fishing Ship |
| 8:50 | Build | Dock |
| 9:08 | Create | Villager (Male) |
| 9:15 | Create | Villager (Male) |
| 9:16 | Create | Fishing Ship |
| 9:30 | Create | Fishing Ship |
| 9:32 | Create | Villager (Male) |
| 9:35 | Build | House |
| 9:49 | Create | Fishing Ship |
| 10:07 | Build | House |
| 10:21 | Create | Fishing Ship |
| 10:35 | Create | Villager (Male) |
| 10:48 | Create | Fishing Ship |
| 10:49 | Create | Fishing Ship |
| 11:01 | Create | Villager (Male) |
| 11:14 | Build | Lumber Camp |
| 11:25 | Create | Villager (Male) |
| 11:41 | Research | Feudal Age |
| 11:41 | Research | Feudal Age |
| 11:41 | Research | Feudal Age |
| 11:55 | Build | House |
| 12:03 | Create | Fishing Ship |
| 12:12 | Create | Fishing Ship |
| 12:17 | Build | House |
| 12:39 | Research | Loom |
| 12:51 | Create | Fishing Ship |
| 12:52 | Create | Fishing Ship |
| 13:39 | Build | Barracks |
| 13:53 | Create | Villager (Male) |
| 14:02 | Age | Feudal Age |
| 14:08 | Build | Blacksmith |
| 14:12 | Research | Double-Bit Axe |
| 14:21 | Build | Stable |
| 14:27 | Create | Villager (Male) |
| 14:30 | Create | Unit 2626 |
| 14:30 | Create | Unit 2626 |
| 14:42 | Create | Unit 2626 |
| 14:42 | Create | Unit 2626 |
| 14:42 | Create | Unit 2626 |
| 14:55 | Research | Castle Age |
| 14:56 | Research | Castle Age |
| 14:56 | Research | Castle Age |
| 15:11 | Create | Unit 2626 |
| 15:13 | Create | Scout Cavalry |
| 15:20 | Build | House |
| 15:36 | Research | Forging |
| 15:36 | Research | Forging |
| 15:56 | Create | Villager (Male) |
| 16:07 | Create | Unit 2626 |
| 16:07 | Create | Unit 2626 |
| 16:17 | Create | Scout Cavalry |
| 16:23 | Create | Fire Galley |
| 16:26 | Build | House |
| 16:27 | Build | House |
| 17:35 | Age | Castle Age |
| 17:39 | Build | Town Center |
| 17:40 | Research | Bow Saw |
| 17:40 | Research | Bow Saw |
| 17:41 | Research | Bow Saw |
| 17:44 | Create | Knight |
| 17:47 | Research | War Galley (upgrade) |
| 17:47 | Research | War Galley (upgrade) |
| 18:00 | Create | Knight |
| 18:02 | Create | Villager (Male) |
| 18:02 | Create | Villager (Male) |
| 18:04 | Create | Villager (Male) |
| 18:04 | Create | Villager (Male) |
| 18:04 | Create | Villager (Male) |
| 18:04 | Create | Villager (Male) |
| 18:15 | Build | Monastery |
| 18:30 | Build | Mining Camp |
| 18:38 | Create | Fire Galley |
| 18:41 | Create | Unit 2626 |
| 18:41 | Create | Unit 2626 |
| 18:44 | Create | Villager (Male) |
| 18:50 | Create | Villager (Male) |
| 18:51 | Create | Villager (Male) |
| 19:08 | Create | Villager (Male) |
| 19:09 | Create | Villager (Male) |
| 19:23 | Research | Wheelbarrow |
| 19:24 | Research | Wheelbarrow |
| 19:24 | Research | Town Watch |
| 19:24 | Research | Town Watch |
| 19:30 | Create | Villager (Male) |
| 19:31 | Create | Villager (Male) |
| 19:31 | Create | Villager (Male) |
| 20:11 | Create | Unit 2626 |
| 20:12 | Create | Unit 2626 |
| 20:23 | Build | Town Center |
| 20:25 | Create | Monk |
| 20:27 | Create | Villager (Male) |
| 20:37 | Create | Villager (Male) |
| 20:37 | Create | Villager (Male) |
| 20:58 | Create | Unit 2626 |
| 20:58 | Create | Unit 2626 |
| 20:58 | Create | Unit 2626 |
| 21:13 | Create | Knight |
| 21:27 | Build | Mining Camp |
| 21:37 | Build | House |
Build order — Fish
First 150 of 335 actions detected
| 1:01 | Build | Town Center |
| 1:40 | Build | Dock |
| 3:13 | Build | House |
| 3:18 | Create | Villager (Male) |
| 3:18 | Create | Villager (Male) |
| 3:18 | Create | Villager (Male) |
| 3:45 | Create | Villager (Male) |
| 4:25 | Create | Fishing Ship |
| 4:48 | Create | Villager (Male) |
| 5:12 | Build | House |
| 5:16 | Create | Fishing Ship |
| 5:21 | Research | Loom |
| 5:21 | Research | Loom |
| 5:55 | Create | Fishing Ship |
| 6:04 | Create | Villager (Male) |
| 6:26 | Create | Villager (Male) |
| 6:39 | Create | Fishing Ship |
| 6:54 | Build | House |
| 6:58 | Create | Villager (Male) |
| 7:17 | Create | Villager (Male) |
| 7:31 | Create | Fishing Ship |
| 7:49 | Create | Villager (Male) |
| 7:54 | Build | House |
| 7:59 | Create | Villager (Male) |
| 8:11 | Create | Villager (Male) |
| 8:15 | Create | Fishing Ship |
| 8:51 | Create | Villager (Male) |
| 8:53 | Create | Fishing Ship |
| 9:13 | Create | Villager (Male) |
| 9:21 | Build | House |
| 9:26 | Create | Fishing Ship |
| 9:52 | Create | Villager (Male) |
| 10:00 | Build | Dock |
| 10:08 | Create | Villager (Male) |
| 10:16 | Create | Fishing Ship |
| 10:27 | Build | House |
| 10:31 | Create | Villager (Male) |
| 10:42 | Build | House |
| 10:56 | Build | Mill |
| 10:58 | Create | Villager (Male) |
| 11:10 | Create | Fishing Ship |
| 11:19 | Create | Villager (Male) |
| 11:36 | Create | Villager (Male) |
| 11:41 | Create | Fishing Ship |
| 11:44 | Create | Fishing Ship |
| 12:16 | Build | Mining Camp |
| 12:20 | Create | Villager (Male) |
| 12:28 | Create | Fishing Ship |
| 12:32 | Build | House |
| 12:39 | Research | Feudal Age |
| 13:18 | Build | Dock |
| 14:22 | Build | Lumber Camp |
| 14:59 | Age | Feudal Age |
| 15:00 | Research | Town Watch |
| 15:02 | Build | Market |
| 15:04 | Research | Double-Bit Axe |
| 15:08 | Build | Blacksmith |
| 15:14 | Create | Fire Galley |
| 15:14 | Create | Fire Galley |
| 15:14 | Create | Fire Galley |
| 15:29 | Create | Villager (Male) |
| 15:34 | Build | Outpost |
| 15:36 | Build | Outpost |
| 16:02 | Build | House |
| 16:03 | Research | Castle Age |
| 16:18 | Build | Mining Camp |
| 16:27 | Create | Fire Galley |
| 16:54 | Create | Fire Galley |
| 16:55 | Create | Fire Galley |
| 16:55 | Create | Fire Galley |
| 16:55 | Create | Fire Galley |
| 17:43 | Create | Fire Galley |
| 17:43 | Create | Fire Galley |
| 18:43 | Age | Castle Age |
| 18:45 | Create | Villager (Male) |
| 18:50 | Build | Stone Wall |
| 18:50 | Build | Stone Wall |
| 18:53 | Build | Stone Wall |
| 18:54 | Build | Stone Wall |
| 18:56 | Build | Stone Wall |
| 18:59 | Build | Stone Wall |
| 19:06 | Research | War Galley (upgrade) |
| 19:09 | Create | Fire Galley |
| 19:09 | Create | Fire Galley |
| 19:11 | Create | Villager (Male) |
| 19:14 | Create | Villager (Male) |
| 19:16 | Build | Monastery |
| 19:26 | Create | Fire Galley |
| 19:28 | Create | Villager (Male) |
| 19:31 | Build | Stone Wall |
| 19:33 | Build | Stone Wall |
| 19:54 | Build | House |
| 20:05 | Create | Villager (Male) |
| 20:13 | Create | Villager (Male) |
| 20:16 | Create | Villager (Male) |
| 20:25 | Create | Villager (Male) |
| 20:34 | Create | Villager (Male) |
| 20:43 | Build | Castle |
| 21:00 | Create | Fire Galley |
| 21:00 | Create | Fire Galley |
| 21:10 | Build | House |
| 21:19 | Create | Monk |
| 21:20 | Create | Monk |
| 21:23 | Create | Villager (Male) |
| 21:26 | Build | Gate |
| 21:28 | Build | House |
| 21:30 | Build | House |
| 21:33 | Build | Stone Wall |
| 21:38 | Build | Stone Wall |
| 21:40 | Build | Stone Wall |
| 21:52 | Create | Villager (Male) |
| 21:52 | Create | Villager (Male) |
| 21:57 | Build | Stone Wall |
| 22:03 | Build | Stone Wall |
| 22:04 | Build | Stone Wall |
| 22:05 | Build | Stone Wall |
| 22:06 | Build | Stone Wall |
| 22:08 | Create | Villager (Male) |
| 22:17 | Create | Villager (Male) |
| 22:26 | Create | Villager (Male) |
| 22:35 | Create | Villager (Male) |
| 22:39 | Create | Villager (Male) |
| 22:47 | Create | Fire Galley |
| 22:48 | Create | Fire Galley |
| 22:48 | Create | Fire Galley |
| 22:59 | Create | Villager (Male) |
| 23:20 | Create | Fire Galley |
| 23:20 | Create | Fire Galley |
| 23:49 | Create | Hussite Wagon |
| 23:52 | Create | Villager (Male) |
| 24:12 | Create | Villager (Male) |
| 24:15 | Create | Villager (Male) |
| 24:27 | Create | Hussite Wagon |
| 24:32 | Research | Bow Saw |
| 24:33 | Research | Bow Saw |
| 24:52 | Create | Villager (Male) |
| 25:24 | Create | Hussite Wagon |
| 25:25 | Create | Hussite Wagon |
| 25:29 | Build | Town Center |
| 25:32 | Create | Villager (Male) |
| 25:38 | Create | Villager (Male) |
| 25:48 | Build | Outpost |
| 26:13 | Build | Town Center |
| 26:16 | Create | Villager (Male) |
| 26:25 | Create | Villager (Male) |
| 26:32 | Build | Dock |
| 26:42 | Create | Villager (Male) |
| 26:42 | Create | Villager (Male) |
| 26:43 | Research | Wheelbarrow |
| 26:46 | Create | Villager (Male) |
Build order — 黑炎柠檬茶
First 150 of 372 actions detected
| 0:06 | Build | Town Center |
| 0:44 | Build | Dock |
| 2:28 | Create | Villager (Male) |
| 2:28 | Create | Villager (Male) |
| 2:28 | Create | Villager (Male) |
| 2:28 | Create | Villager (Male) |
| 2:37 | Build | House |
| 3:41 | Create | Villager (Male) |
| 4:03 | Create | Fishing Ship |
| 4:37 | Create | Villager (Male) |
| 4:52 | Build | House |
| 4:57 | Create | Villager (Male) |
| 5:21 | Create | Fishing Ship |
| 5:25 | Create | Villager (Male) |
| 5:50 | Create | Villager (Male) |
| 6:14 | Create | Fishing Ship |
| 6:19 | Create | Villager (Male) |
| 6:44 | Create | Villager (Male) |
| 6:45 | Create | Fishing Ship |
| 6:54 | Create | Villager (Male) |
| 7:10 | Create | Villager (Male) |
| 7:21 | Create | Fishing Ship |
| 7:29 | Create | Villager (Male) |
| 7:38 | Build | House |
| 7:41 | Create | Villager (Male) |
| 8:04 | Build | House |
| 8:17 | Create | Villager (Male) |
| 8:17 | Create | Fishing Ship |
| 8:50 | Create | Villager (Male) |
| 8:51 | Create | Fishing Ship |
| 9:28 | Create | Villager (Male) |
| 9:28 | Create | Fishing Ship |
| 9:42 | Create | Villager (Male) |
| 9:59 | Build | House |
| 10:10 | Create | Villager (Male) |
| 10:10 | Create | Villager (Male) |
| 10:10 | Create | Villager (Male) |
| 10:16 | Build | Settlement |
| 10:21 | Create | Fishing Ship |
| 10:34 | Build | House |
| 11:00 | Build | Settlement |
| 11:23 | Research | Feudal Age |
| 11:36 | Build | Dock |
| 12:22 | Create | Villager (Male) |
| 12:22 | Create | Villager (Male) |
| 12:22 | Research | Loom |
| 13:03 | Create | Fishing Ship |
| 13:03 | Create | Fishing Ship |
| 13:21 | Build | House |
| 13:23 | Build | Palisade Wall |
| 13:25 | Build | Palisade Wall |
| 13:34 | Build | Palisade Wall |
| 13:54 | Age | Feudal Age |
| 13:56 | Build | Market |
| 14:12 | Build | Blacksmith |
| 15:03 | Research | Double-Bit Axe |
| 15:08 | Research | Castle Age |
| 15:11 | Research | Horse Collar |
| 15:36 | Create | Unit 2626 |
| 15:37 | Create | Unit 2626 |
| 15:55 | Build | Palisade Wall |
| 16:05 | Build | House |
| 16:08 | Build | Palisade Wall |
| 16:17 | Create | Unit 2626 |
| 16:17 | Create | Unit 2626 |
| 16:19 | Create | Villager (Male) |
| 17:06 | Create | Demolition Raft |
| 17:11 | Create | Villager (Male) |
| 17:15 | Create | Unit 2626 |
| 17:20 | Create | Villager (Male) |
| 17:20 | Create | Villager (Male) |
| 17:29 | Build | House |
| 17:33 | Build | Palisade Wall |
| 17:35 | Build | Palisade Wall |
| 17:38 | Build | Palisade Wall |
| 17:41 | Build | Palisade Wall |
| 17:49 | Research | Wheelbarrow |
| 17:49 | Age | Castle Age |
| 18:00 | Create | Villager (Male) |
| 18:05 | Research | War Galley (upgrade) |
| 18:20 | Create | Demolition Raft |
| 18:20 | Create | Villager (Male) |
| 18:29 | Create | Villager (Male) |
| 18:47 | Build | Town Center |
| 18:50 | Build | House |
| 18:53 | Build | Palisade Gate |
| 18:58 | Create | Villager (Male) |
| 19:19 | Create | Villager (Male) |
| 19:38 | Build | Palisade Wall |
| 19:40 | Build | Palisade Wall |
| 19:51 | Create | Villager (Male) |
| 19:51 | Create | Villager (Male) |
| 20:04 | Create | Villager (Male) |
| 20:11 | Create | Villager (Male) |
| 20:11 | Create | Villager (Male) |
| 20:23 | Create | Unit 2626 |
| 20:24 | Create | Unit 2626 |
| 20:24 | Create | Unit 2626 |
| 20:24 | Create | Unit 2626 |
| 20:26 | Create | Villager (Male) |
| 20:27 | Create | Villager (Male) |
| 20:29 | Create | Villager (Male) |
| 20:38 | Create | Villager (Male) |
| 20:50 | Build | Dock |
| 21:06 | Create | Villager (Male) |
| 21:21 | Research | Bow Saw |
| 21:32 | Create | Unit 2626 |
| 21:32 | Create | Unit 2626 |
| 21:38 | Build | Dock |
| 21:40 | Create | Villager (Male) |
| 21:48 | Create | Unit 2626 |
| 22:04 | Create | Demolition Raft |
| 22:09 | Create | Villager (Male) |
| 22:18 | Create | Villager (Male) |
| 22:19 | Create | Villager (Male) |
| 22:39 | Create | Villager (Male) |
| 22:45 | Create | Unit 2626 |
| 22:45 | Create | Unit 2626 |
| 23:00 | Create | Villager (Male) |
| 23:05 | Build | Town Center |
| 23:10 | Create | Demolition Raft |
| 23:10 | Create | Demolition Raft |
| 23:13 | Create | Villager (Male) |
| 24:11 | Create | Unit 2626 |
| 24:11 | Create | Unit 2626 |
| 24:11 | Create | Unit 2626 |
| 24:12 | Create | Unit 2626 |
| 24:28 | Build | Fish Trap |
| 24:29 | Build | Fish Trap |
| 24:30 | Build | Fish Trap |
| 24:31 | Build | Fish Trap |
| 24:31 | Build | Fish Trap |
| 24:37 | Create | Demolition Raft |
| 24:37 | Create | Demolition Raft |
| 24:42 | Build | Farm |
| 24:43 | Build | Farm |
| 24:53 | Build | Fish Trap |
| 24:53 | Build | Fish Trap |
| 24:54 | Build | Fish Trap |
| 24:58 | Create | Villager (Male) |
| 25:00 | Create | Unit 2626 |
| 25:01 | Create | Unit 2626 |
| 25:30 | Create | Unit 2626 |
| 25:30 | Create | Unit 2626 |
| 25:31 | Create | Unit 2626 |
| 25:31 | Create | Unit 2626 |
| 25:33 | Create | Villager (Male) |
| 26:12 | Create | Villager (Male) |
| 26:24 | Create | Unit 2626 |
| 26:25 | Create | Unit 2626 |
Build order — Clearlove
First 150 of 478 actions detected
| 0:03 | Build | Town Center |
| 0:40 | Build | Dock |
| 0:42 | Build | House |
| 2:31 | Create | Villager (Male) |
| 2:38 | Create | Villager (Male) |
| 2:55 | Create | Villager (Male) |
| 3:10 | Create | Villager (Male) |
| 3:39 | Create | Fishing Ship |
| 3:43 | Create | Villager (Male) |
| 4:21 | Build | House |
| 4:36 | Create | Villager (Male) |
| 5:00 | Create | Villager (Male) |
| 5:19 | Create | Fishing Ship |
| 5:26 | Create | Villager (Male) |
| 5:47 | Create | Villager (Male) |
| 5:54 | Build | House |
| 6:15 | Create | Fishing Ship |
| 6:19 | Create | Villager (Male) |
| 6:44 | Create | Villager (Male) |
| 6:59 | Create | Fishing Ship |
| 7:01 | Build | House |
| 7:13 | Create | Villager (Male) |
| 7:32 | Create | Villager (Male) |
| 7:41 | Create | Fishing Ship |
| 7:52 | Create | Villager (Male) |
| 8:12 | Create | Fishing Ship |
| 8:13 | Build | House |
| 8:24 | Create | Villager (Male) |
| 8:40 | Build | House |
| 8:52 | Build | Dock |
| 8:53 | Create | Villager (Male) |
| 8:53 | Create | Villager (Male) |
| 9:02 | Create | Villager (Male) |
| 9:06 | Create | Fishing Ship |
| 9:10 | Create | Villager (Male) |
| 9:14 | Build | House |
| 9:32 | Create | Fishing Ship |
| 9:32 | Create | Fishing Ship |
| 9:47 | Create | Fishing Ship |
| 9:56 | Create | Villager (Male) |
| 10:03 | Create | Fishing Ship |
| 10:08 | Create | Villager (Male) |
| 10:09 | Build | House |
| 10:12 | Create | Fishing Ship |
| 10:23 | Create | Villager (Male) |
| 10:27 | Create | Villager (Male) |
| 10:32 | Create | Fishing Ship |
| 10:47 | Build | Lumber Camp |
| 10:49 | Create | Villager (Male) |
| 11:04 | Create | Villager (Male) |
| 11:14 | Create | Fishing Ship |
| 11:18 | Create | Fishing Ship |
| 11:37 | Build | Dock |
| 11:40 | Create | Villager (Male) |
| 11:59 | Create | Fishing Ship |
| 12:13 | Build | House |
| 12:15 | Create | Villager (Male) |
| 12:20 | Create | Fishing Ship |
| 12:41 | Research | Feudal Age |
| 12:41 | Research | Feudal Age |
| 12:43 | Build | House |
| 12:50 | Build | Mining Camp |
| 12:56 | Create | Fishing Ship |
| 13:12 | Build | Mill |
| 13:22 | Build | House |
| 13:30 | Create | Fishing Ship |
| 13:55 | Research | Double-Bit Axe |
| 14:06 | Create | Fishing Ship |
| 14:22 | Create | Villager (Male) |
| 14:24 | Create | Villager (Male) |
| 14:31 | Research | Loom |
| 14:51 | Age | Feudal Age |
| 14:52 | Build | Market |
| 15:03 | Build | Blacksmith |
| 15:27 | Create | Galley |
| 15:30 | Research | Bow Saw |
| 15:30 | Research | Bow Saw |
| 15:35 | Build | House |
| 15:44 | Research | Castle Age |
| 15:44 | Research | Castle Age |
| 15:45 | Build | House |
| 15:49 | Build | House |
| 15:52 | Build | House |
| 16:06 | Research | Gold Mining |
| 16:20 | Create | Unit 2626 |
| 16:35 | Create | Unit 2626 |
| 16:35 | Create | Unit 2626 |
| 16:45 | Create | Unit 2626 |
| 16:45 | Create | Unit 2626 |
| 17:00 | Build | House |
| 17:04 | Create | Unit 2626 |
| 17:21 | Create | Unit 2626 |
| 17:25 | Build | House |
| 17:33 | Create | Unit 2626 |
| 17:36 | Create | Villager (Male) |
| 17:52 | Create | Unit 2626 |
| 18:01 | Create | Unit 2626 |
| 18:20 | Create | Unit 2626 |
| 18:24 | Age | Castle Age |
| 18:30 | Research | War Galley (upgrade) |
| 18:34 | Create | Villager (Male) |
| 18:36 | Build | House |
| 18:48 | Create | Unit 2626 |
| 18:51 | Create | Unit 2626 |
| 18:57 | Create | Unit 2626 |
| 19:01 | Create | Villager (Male) |
| 19:05 | Create | Unit 2626 |
| 19:17 | Create | Unit 2626 |
| 19:29 | Create | Villager (Male) |
| 19:50 | Create | Unit 2626 |
| 19:50 | Create | Unit 2626 |
| 19:54 | Create | Unit 2626 |
| 20:03 | Create | Villager (Male) |
| 20:09 | Create | Unit 2626 |
| 20:10 | Build | House |
| 20:24 | Create | Unit 2626 |
| 20:25 | Create | Unit 2626 |
| 20:39 | Create | Villager (Male) |
| 20:39 | Create | Villager (Male) |
| 20:41 | Create | Unit 2626 |
| 20:49 | Create | Unit 2626 |
| 20:52 | Create | Villager (Male) |
| 20:56 | Create | Unit 2626 |
| 20:57 | Create | Villager (Male) |
| 21:02 | Create | Unit 2626 |
| 21:13 | Create | Unit 2626 |
| 21:14 | Create | Villager (Male) |
| 21:15 | Create | Villager (Male) |
| 21:26 | Create | Unit 2626 |
| 21:31 | Create | Villager (Male) |
| 21:42 | Create | Villager (Male) |
| 21:42 | Create | Villager (Male) |
| 21:48 | Create | Unit 2626 |
| 22:02 | Create | Unit 2626 |
| 22:02 | Create | Unit 2626 |
| 22:16 | Create | Villager (Male) |
| 22:16 | Create | Villager (Male) |
| 22:30 | Create | Unit 2626 |
| 22:33 | Create | Villager (Male) |
| 22:46 | Create | Unit 2626 |
| 22:51 | Create | Villager (Male) |
| 22:51 | Create | Unit 2626 |
| 23:00 | Create | Unit 2626 |
| 23:18 | Create | Unit 2626 |
| 23:26 | Build | Lumber Camp |
| 23:29 | Create | Unit 2626 |
| 23:41 | Create | Unit 2626 |
| 23:49 | Create | Unit 2626 |
| 23:55 | Create | Villager (Male) |
| 24:01 | Research | Wheelbarrow |
Build order — sadys
First 150 of 438 actions detected
| 0:32 | Build | Town Center |
| 1:22 | Build | Dock |
| 1:26 | Build | House |
| 2:55 | Create | Villager (Male) |
| 2:55 | Create | Villager (Male) |
| 2:55 | Create | Villager (Male) |
| 2:55 | Create | Villager (Male) |
| 2:56 | Create | Villager (Male) |
| 3:26 | Create | Fishing Ship |
| 4:23 | Build | House |
| 4:24 | Create | Villager (Male) |
| 4:24 | Create | Villager (Male) |
| 4:41 | Create | Fishing Ship |
| 5:21 | Create | Villager (Male) |
| 5:21 | Create | Villager (Male) |
| 5:31 | Create | Fishing Ship |
| 5:43 | Build | House |
| 5:47 | Create | Villager (Male) |
| 5:47 | Create | Villager (Male) |
| 6:15 | Create | Villager (Male) |
| 6:15 | Create | Villager (Male) |
| 6:16 | Create | Fishing Ship |
| 6:29 | Create | Villager (Male) |
| 6:30 | Create | Villager (Male) |
| 6:56 | Create | Villager (Male) |
| 6:56 | Create | Villager (Male) |
| 6:58 | Create | Fishing Ship |
| 7:07 | Build | House |
| 7:10 | Build | House |
| 7:22 | Create | Villager (Male) |
| 7:22 | Create | Villager (Male) |
| 7:39 | Create | Fishing Ship |
| 7:42 | Create | Villager (Male) |
| 7:42 | Create | Villager (Male) |
| 7:53 | Build | House |
| 7:59 | Create | Villager (Male) |
| 8:05 | Create | Fishing Ship |
| 8:25 | Create | Villager (Male) |
| 8:27 | Create | Villager (Male) |
| 8:30 | Build | House |
| 8:42 | Create | Villager (Male) |
| 9:02 | Build | Lumber Camp |
| 9:16 | Create | Fishing Ship |
| 9:20 | Create | Villager (Male) |
| 9:42 | Create | Villager (Male) |
| 9:59 | Create | Fishing Ship |
| 10:08 | Create | Villager (Male) |
| 10:12 | Build | Dock |
| 10:28 | Create | Villager (Male) |
| 10:32 | Build | House |
| 10:43 | Create | Fishing Ship |
| 10:47 | Build | House |
| 10:49 | Create | Fishing Ship |
| 10:50 | Create | Villager (Male) |
| 10:56 | Build | Palisade Wall |
| 11:03 | Build | Palisade Wall |
| 11:08 | Build | Palisade Wall |
| 11:12 | Create | Villager (Male) |
| 11:28 | Create | Fishing Ship |
| 11:43 | Create | Villager (Male) |
| 11:54 | Create | Fishing Ship |
| 12:07 | Build | Dock |
| 12:15 | Create | Fishing Ship |
| 12:36 | Research | Feudal Age |
| 12:36 | Research | Feudal Age |
| 13:00 | Build | Dock |
| 13:11 | Build | Barracks |
| 13:53 | Create | Fishing Ship |
| 14:05 | Build | House |
| 14:26 | Create | Villager (Male) |
| 14:40 | Age | Feudal Age |
| 14:43 | Build | Blacksmith |
| 14:55 | Create | Villager (Male) |
| 14:56 | Create | Villager (Male) |
| 14:56 | Create | Villager (Male) |
| 14:58 | Build | Stable |
| 14:59 | Research | Double-Bit Axe |
| 15:00 | Research | Tech 906 |
| 15:00 | Research | Tech 906 |
| 15:14 | Build | Dock |
| 15:43 | Build | House |
| 15:49 | Research | Castle Age |
| 15:52 | Build | Lumber Camp |
| 16:15 | Create | Fishing Ship |
| 16:23 | Create | Unit 2626 |
| 16:24 | Create | Unit 2626 |
| 16:24 | Create | Unit 2626 |
| 16:28 | Create | Unit 2626 |
| 16:28 | Create | Unit 2626 |
| 16:41 | Build | House |
| 16:42 | Build | House |
| 17:19 | Create | Galley |
| 17:20 | Create | Galley |
| 17:20 | Create | Galley |
| 17:23 | Research | Fletching |
| 17:23 | Research | Fletching |
| 17:42 | Create | Villager (Male) |
| 18:14 | Age | Castle Age |
| 18:17 | Create | Knight |
| 18:20 | Create | Knight |
| 18:22 | Research | Scale Barding Armor |
| 18:23 | Research | Scale Barding Armor |
| 18:25 | Research | Gillnets |
| 18:26 | Research | Bow Saw |
| 18:26 | Research | Bow Saw |
| 18:27 | Create | Villager (Male) |
| 18:34 | Build | Town Center |
| 18:46 | Create | Villager (Male) |
| 18:49 | Create | Knight |
| 19:00 | Build | Town Center |
| 19:05 | Create | Villager (Male) |
| 19:15 | Create | Knight |
| 19:23 | Build | House |
| 19:25 | Build | Palisade Wall |
| 19:25 | Build | Palisade Wall |
| 19:33 | Build | House |
| 19:38 | Build | Palisade Wall |
| 19:44 | Create | Villager (Male) |
| 19:46 | Create | Villager (Male) |
| 19:57 | Create | Villager (Male) |
| 19:58 | Create | Villager (Male) |
| 19:58 | Create | Villager (Male) |
| 19:58 | Create | Villager (Male) |
| 20:01 | Research | War Galley (upgrade) |
| 20:01 | Research | War Galley (upgrade) |
| 20:25 | Create | Villager (Male) |
| 20:29 | Create | Fishing Ship |
| 20:31 | Create | Fishing Ship |
| 20:43 | Create | Unit 2626 |
| 20:43 | Create | Unit 2626 |
| 20:43 | Create | Unit 2626 |
| 20:45 | Create | Villager (Male) |
| 20:58 | Create | Villager (Male) |
| 21:22 | Create | Villager (Male) |
| 21:33 | Create | Villager (Male) |
| 21:39 | Create | Villager (Male) |
| 21:39 | Create | Villager (Male) |
| 21:43 | Create | Villager (Male) |
| 21:43 | Create | Villager (Male) |
| 21:50 | Build | Town Center |
| 21:52 | Build | Town Center |
| 21:56 | Create | Fishing Ship |
| 21:59 | Create | Fishing Ship |
| 22:03 | Build | Fish Trap |
| 22:05 | Build | Fish Trap |
| 22:08 | Build | Fish Trap |
| 22:12 | Build | Fish Trap |
| 22:14 | Build | House |
| 22:15 | Build | House |
| 22:17 | Build | House |
Build order — 爱雀大帝
First 150 of 500 actions detected
| 0:09 | Build | Town Center |
| 1:05 | Build | Dock |
| 1:08 | Build | House |
| 1:09 | Build | Palisade Wall |
| 2:44 | Create | Villager (Male) |
| 2:44 | Create | Villager (Male) |
| 2:44 | Create | Villager (Male) |
| 2:47 | Create | Villager (Male) |
| 3:52 | Create | Fishing Ship |
| 4:08 | Create | Villager (Male) |
| 4:09 | Create | Villager (Male) |
| 4:24 | Build | House |
| 4:46 | Research | Loom |
| 4:50 | Build | House |
| 5:02 | Build | House |
| 5:16 | Create | Fishing Ship |
| 5:22 | Build | House |
| 5:29 | Create | Villager (Male) |
| 5:30 | Create | Villager (Male) |
| 5:43 | Create | Fishing Ship |
| 5:58 | Create | Villager (Male) |
| 5:58 | Create | Villager (Male) |
| 6:27 | Create | Villager (Male) |
| 6:28 | Create | Villager (Male) |
| 6:46 | Build | House |
| 6:48 | Create | Villager (Male) |
| 6:51 | Create | Fishing Ship |
| 6:57 | Create | Fishing Ship |
| 7:12 | Create | Villager (Male) |
| 7:15 | Build | House |
| 7:21 | Build | Palisade Wall |
| 7:25 | Create | Villager (Male) |
| 7:25 | Create | Villager (Male) |
| 7:43 | Create | Fishing Ship |
| 7:57 | Create | Villager (Male) |
| 7:59 | Create | Villager (Male) |
| 8:00 | Create | Villager (Male) |
| 8:21 | Build | House |
| 8:30 | Create | Fishing Ship |
| 8:35 | Create | Villager (Male) |
| 8:44 | Create | Villager (Male) |
| 9:07 | Create | Villager (Male) |
| 9:07 | Create | Villager (Male) |
| 9:31 | Create | Fishing Ship |
| 9:33 | Build | Lumber Camp |
| 9:40 | Build | House |
| 10:00 | Build | Mill |
| 10:07 | Create | Fishing Ship |
| 10:08 | Create | Villager (Male) |
| 10:42 | Create | Fishing Ship |
| 11:02 | Build | Mining Camp |
| 11:04 | Create | Villager (Male) |
| 11:31 | Create | Villager (Male) |
| 11:41 | Build | House |
| 11:59 | Research | Feudal Age |
| 12:26 | Build | Barracks |
| 12:36 | Create | Villager (Male) |
| 12:36 | Create | Villager (Male) |
| 14:09 | Age | Feudal Age |
| 14:12 | Build | Archery Range |
| 14:14 | Build | Blacksmith |
| 14:33 | Research | Double-Bit Axe |
| 14:55 | Build | Watch Tower |
| 15:00 | Research | Castle Age |
| 15:00 | Research | Castle Age |
| 15:18 | Create | Archer |
| 15:27 | Build | Dock |
| 15:31 | Create | Villager (Male) |
| 15:49 | Build | Mining Camp |
| 15:51 | Create | Archer |
| 16:09 | Research | Fletching |
| 16:28 | Create | Archer |
| 16:28 | Create | Archer |
| 16:44 | Build | House |
| 16:52 | Create | Archer |
| 16:52 | Create | Archer |
| 17:11 | Create | Archer |
| 17:14 | Create | Villager (Male) |
| 17:14 | Create | Villager (Male) |
| 17:15 | Create | Archer |
| 17:40 | Age | Castle Age |
| 17:44 | Build | Siege Workshop |
| 17:51 | Build | Monastery |
| 17:58 | Research | Crossbowman (upgrade) |
| 18:08 | Build | Town Center |
| 18:52 | Create | Monk |
| 19:01 | Research | Bodkin Arrow |
| 19:02 | Create | Villager (Male) |
| 19:02 | Create | Villager (Male) |
| 19:05 | Build | Farm |
| 19:06 | Build | Farm |
| 19:06 | Build | Farm |
| 19:06 | Build | Farm |
| 19:18 | Create | Villager (Male) |
| 19:21 | Create | Archer |
| 19:21 | Create | Archer |
| 19:26 | Create | Archer |
| 19:29 | Create | Villager (Male) |
| 19:29 | Create | Villager (Male) |
| 19:29 | Create | Villager (Male) |
| 19:48 | Build | Farm |
| 19:48 | Create | Archer |
| 20:01 | Create | Archer |
| 20:02 | Create | Villager (Male) |
| 20:05 | Create | Villager (Male) |
| 20:05 | Create | Villager (Male) |
| 20:09 | Build | Archery Range |
| 20:15 | Create | Archer |
| 20:19 | Create | Monk |
| 20:23 | Create | Villager (Male) |
| 20:23 | Create | Villager (Male) |
| 20:23 | Create | Villager (Male) |
| 20:30 | Create | Archer |
| 20:35 | Create | Villager (Male) |
| 20:48 | Create | Villager (Male) |
| 20:48 | Create | Villager (Male) |
| 21:04 | Create | Villager (Male) |
| 21:04 | Create | Villager (Male) |
| 21:05 | Create | Archer |
| 21:05 | Create | Archer |
| 21:19 | Create | Villager (Male) |
| 21:19 | Create | Villager (Male) |
| 21:21 | Create | Archer |
| 21:33 | Build | House |
| 21:33 | Build | House |
| 21:35 | Create | Villager (Male) |
| 21:36 | Create | Villager (Male) |
| 21:41 | Create | Archer |
| 21:41 | Create | Archer |
| 21:43 | Create | Villager (Male) |
| 21:49 | Build | Mining Camp |
| 21:51 | Create | Villager (Male) |
| 21:56 | Create | Villager (Male) |
| 21:56 | Create | Villager (Male) |
| 21:58 | Create | Archer |
| 22:05 | Build | House |
| 22:13 | Create | Villager (Male) |
| 22:23 | Create | Archer |
| 22:24 | Create | Archer |
| 22:43 | Create | Villager (Male) |
| 22:43 | Create | Villager (Male) |
| 22:46 | Build | House |
| 23:00 | Create | Archer |
| 23:01 | Create | Archer |
| 23:02 | Create | Villager (Male) |
| 23:02 | Create | Villager (Male) |
| 23:11 | Create | Villager (Male) |
| 23:11 | Create | Villager (Male) |
| 23:15 | Create | Villager (Male) |
| 23:15 | Create | Villager (Male) |
Match timeline
| 0:40 | Clearlove · first_building Dock |
| 0:44 | 黑炎柠檬茶 · first_building Dock |
| 0:51 | 黑暗中漫舞. · first_building Dock |
| 1:05 | 爱雀大帝 · first_building Dock |
| 1:09 | 爱雀大帝 · wall_segment Palisade Wall x1 |
| 1:19 | 奶糖美少女 · first_building Dock |
| 1:22 | sadys · first_building Dock |
| 1:40 | Fish · first_building Dock |
| 2:11 | 银背小猩猩 · first_building Dock |
| 5:19 | 黑暗中漫舞. · wall_segment Palisade Wall x1 |
| 5:21 | 黑暗中漫舞. · wall_segment Palisade Wall x1 |
| 7:21 | 爱雀大帝 · wall_segment Palisade Wall x4 |
| 7:46 | 黑暗中漫舞. · wall_segment Palisade Wall x1 |
| 10:56 | sadys · wall_segment Palisade Wall x1 |
| 11:03 | sadys · wall_segment Palisade Wall x1 |
| 11:08 | sadys · wall_segment Palisade Wall x1 |
| 11:43 | 奶糖美少女 · first_building Barracks |
| 12:26 | 爱雀大帝 · first_building Barracks |
| 13:11 | sadys · first_building Barracks |
| 13:23 | 黑炎柠檬茶 · wall_segment Palisade Wall x2 |
| 13:25 | 黑炎柠檬茶 · wall_segment Palisade Wall x4 |
| 13:34 | 黑炎柠檬茶 · wall_segment Palisade Wall x11 |
| 13:39 | 黑暗中漫舞. · first_building Barracks |
| 13:44 | 银背小猩猩 · age_up feudal |
| 13:54 | 黑炎柠檬茶 · age_up feudal |
| 13:56 | 奶糖美少女 · age_up feudal |
| 13:57 | 奶糖美少女 · first_building Stable |
| 14:02 | 黑暗中漫舞. · age_up feudal |
| 14:03 | 奶糖美少女 · wall_segment Palisade Wall x1 |
| 14:09 | 爱雀大帝 · age_up feudal |
| 14:12 | 爱雀大帝 · first_building Archery Range |
| 14:17 | 奶糖美少女 · wall_segment Palisade Wall x1 |
| 14:21 | 黑暗中漫舞. · first_building Stable |
| 14:24 | 奶糖美少女 · wall_segment Palisade Wall x1 |
| 14:40 | sadys · age_up feudal |
| 14:51 | Clearlove · age_up feudal |
| 14:58 | sadys · first_building Stable |
| 14:59 | Fish · age_up feudal |
| 15:45 | 银背小猩猩 · first_market_sell 100 wood |
| 15:46 | 银背小猩猩 · first_market_buy 100 stone |
| 15:55 | 黑炎柠檬茶 · wall_segment Palisade Wall x6 |
| 16:08 | 黑炎柠檬茶 · wall_segment Palisade Wall x4 |
| 17:26 | 奶糖美少女 · age_up castle |
| 17:33 | 黑炎柠檬茶 · wall_segment Palisade Wall x1 |
| 17:35 | 黑暗中漫舞. · age_up castle |
| 17:35 | 黑炎柠檬茶 · wall_segment Palisade Wall x1 |
| 17:37 | 银背小猩猩 · age_up castle |
| 17:38 | 黑炎柠檬茶 · wall_segment Palisade Wall x1 |
| 17:40 | 爱雀大帝 · age_up castle |
| 17:41 | 黑炎柠檬茶 · wall_segment Palisade Wall x1 |
| 17:42 | 银背小猩猩 · first_building Castle |
| 17:44 | 爱雀大帝 · first_building Siege Workshop |
| 17:49 | 黑炎柠檬茶 · age_up castle |
| 17:51 | 爱雀大帝 · first_building Monastery |
| 18:02 | 黑炎柠檬茶 · first_market_sell 100 wood |
| 18:14 | sadys · age_up castle |
| 18:15 | 黑暗中漫舞. · first_building Monastery |
| 18:24 | Clearlove · age_up castle |
| 18:26 | Fish · first_market_sell 100 food |
| 18:35 | 银背小猩猩 · first_building Siege Workshop |
| 18:43 | Fish · age_up castle |
| 18:44 | Clearlove · first_market_sell 100 food |
| 18:45 | Clearlove · first_market_buy 100 wood |
| 18:50 | Fish · wall_segment Stone Wall x1 |
| 18:50 | Fish · wall_segment Stone Wall x1 |
| 18:53 | Fish · wall_segment Stone Wall x1 |
| 18:54 | Fish · wall_segment Stone Wall x1 |
| 18:56 | Fish · wall_segment Stone Wall x1 |
| 18:59 | Fish · wall_segment Stone Wall x1 |
| 19:16 | Fish · first_building Monastery |
| 19:25 | sadys · wall_segment Palisade Wall x1 |
| 19:25 | sadys · wall_segment Palisade Wall x1 |
| 19:31 | Fish · wall_segment Stone Wall x1 |
| 19:33 | Fish · wall_segment Stone Wall x1 |
| 19:38 | sadys · wall_segment Palisade Wall x1 |
| 19:38 | 黑炎柠檬茶 · wall_segment Palisade Wall x1 |
| 19:40 | 黑炎柠檬茶 · wall_segment Palisade Wall x1 |
| 20:43 | Fish · first_building Castle |
| 21:11 | 奶糖美少女 · wall_segment Palisade Wall x1 |
| 21:11 | 奶糖美少女 · wall_segment Palisade Wall x1 |
| 21:33 | Fish · wall_segment Stone Wall x1 |
| 21:38 | Fish · wall_segment Stone Wall x1 |
| 21:40 | Fish · wall_segment Stone Wall x1 |
| 21:57 | Fish · wall_segment Stone Wall x1 |
| 22:03 | Fish · wall_segment Stone Wall x1 |
| 22:04 | Fish · wall_segment Stone Wall x1 |
| 22:05 | Fish · wall_segment Stone Wall x1 |
| 22:06 | Fish · wall_segment Stone Wall x1 |
| 23:35 | 奶糖美少女 · wall_segment Palisade Wall x1 |
| 23:44 | 黑暗中漫舞. · wall_segment Stone Wall x1 |
| 23:45 | 黑暗中漫舞. · wall_segment Stone Wall x1 |
| 25:07 | 爱雀大帝 · wall_segment Palisade Wall x1 |
| 25:08 | 爱雀大帝 · wall_segment Palisade Wall x1 |
| 25:16 | 奶糖美少女 · first_building Archery Range |
| 25:26 | 奶糖美少女 · wall_segment Palisade Wall x1 |
| 25:26 | 奶糖美少女 · wall_segment Palisade Wall x1 |
| 25:46 | 黑暗中漫舞. · first_building Siege Workshop |
| 26:05 | sadys · first_building Monastery |
| 26:45 | Clearlove · first_building Monastery |
| 28:45 | 奶糖美少女 · first_building Castle |
| 29:01 | sadys · wall_segment Stone Wall x1 |
| 29:12 | sadys · first_building Castle |
| 30:22 | 爱雀大帝 · first_building Castle |
| 30:52 | 奶糖美少女 · first_market_buy 100 food |
| 31:11 | 爱雀大帝 · first_market_sell 100 wood |
| 31:42 | Fish · first_market_buy 100 wood |
| 32:27 | sadys · age_up imperial |
| 32:47 | Clearlove · first_building Castle |
| 33:14 | 爱雀大帝 · first_building Stable |
| 33:56 | Fish · first_building Barracks |
| 33:58 | 黑炎柠檬茶 · first_building Siege Workshop |
| 34:03 | 奶糖美少女 · age_up imperial |
| 34:16 | 爱雀大帝 · first_market_buy 100 wood |
| 34:33 | Fish · wall_segment Stone Wall x1 |
| 34:34 | Fish · wall_segment Stone Wall x1 |
| 34:34 | Fish · wall_segment Stone Wall x1 |
| 34:35 | Fish · wall_segment Stone Wall x2 |
| 34:35 | Fish · wall_segment Stone Wall x1 |
| 34:47 | Fish · first_building Stable |
| 35:01 | sadys · first_market_buy 100 food |
| 35:02 | 黑炎柠檬茶 · first_building Castle |
| 35:41 | sadys · first_building Siege Workshop |
| 35:46 | 爱雀大帝 · age_up imperial |
| 36:02 | Fish · age_up imperial |
| 36:05 | Clearlove · age_up imperial |
| 37:33 | sadys · first_market_sell 500 wood |
| 38:08 | 黑炎柠檬茶 · first_building Barracks |
| 38:15 | 银背小猩猩 · first_building Barracks |
| 40:41 | 黑炎柠檬茶 · age_up imperial |
| 40:42 | 奶糖美少女 · first_market_sell 100 wood |
| 41:04 | 奶糖美少女 · first_building Siege Workshop |
| 42:03 | sadys · resign |
[ AI ANALYSIS · 1 CREDIT ]
What really happened in this match?
Wolo.gg analyzes every decision: build order, eco, micro, common mistakes by bracket. Personalized analysis on WhatsApp or Discord in 30 seconds.
Civ guide
Khitans
Perfil
黄片店店长妲妲鸭